Map: Schwarzbrand LE

Players

HateMe

  • Race: Zerg Zerg
  • League: Grandmaster

ArT - Winner!

  • Race: Protoss Protoss

VOD

Have the link to the VOD?

Description

Time

  • Played on: March 13, 2022, 3:46 p.m.
  • Length: 9:01
Show
View Real Time Build Order
Export as new Build Order

HateMe Zerg 

Build Orders: Hatch First 

Get SALT Encoding   

  12  0:00  Drone  
  13  0:12  Overlord  
  13  0:17  Drone  
  14  0:31  Drone x2  
  16  0:49  Hatchery  
  15  0:51  Drone  
  15  0:54  Drone  
  17  0:58  Drone  
  18  1:09  Extractor  
  17  1:13  Spawning Pool  
  17  1:17  Drone  
  17  1:20  Drone  
  18  1:29  Drone  
  19  1:40  Drone  
  20  1:51  Hatchery  
  19  1:57  Drone  
  20  2:02  Queen  
  20  2:05  Zergling x2  
  23  2:15  Metabolic Boost  
  23  2:16  Drone  
  23  2:20  Overlord  
  24  2:25  Drone  
  24  2:27  Drone  
  26  2:30  Drone  
  26  2:33  Drone  
  28  2:41  Drone, Queen  
  31  2:46  Drone  
  31  2:49  Overlord  
  32  2:56  Drone x2  
  34  3:04  Queen  
  36  3:08  Queen  
  36  3:11  Zergling x4  
  36  3:12  Zergling x2  
  41  3:14  Drone  
  41  3:18  Drone x2  
  44  3:22  Drone x2  
  44  3:24  Overlord  
  46  3:27  Drone  
  46  3:29  Drone  
  46  3:33  Drone  
  49  3:40  Overlord  
  49  3:42  Queen  
  49  3:47  Overlord  
  50  3:57  Queen x2  
  50  3:59  Overlord  
  54  4:03  Drone x3  
  54  4:04  Overlord  
  54  4:08  Drone x2  
  59  4:11  Drone x2  
  59  4:12  Drone  
  59  4:15  Spore Crawler  
  61  4:18  Spore Crawler  
  61  4:21  Spore Crawler  
  59  4:24  Drone x3  
  59  4:26  Drone  
  59  4:30  Drone x2  
  65  4:33  Drone x2  
  67  4:41  Lair  
  67  4:46  Drone x7  
  67  4:47  Drone  
  67  4:52  Drone  
  76  4:54  Extractor, Overlord  
  76  4:58  Drone x3, Evolution Chamber  
  76  4:59  Evolution Chamber  
  76  5:03  Drone x3  
  76  5:06  Drone x2  
  81  5:08  Overlord  
  81  5:14  Extractor x2  
  81  5:15  Extractor  
  81  5:16  Extractor, Drone x4  
  81  5:23  Drone x6  
  86  5:33  Zerg Melee Weapons Level 1  
  86  5:38  Zerg Ground Armor Level 1  
  86  5:39  Hatchery  
  85  5:48  Overlord x3  
  85  5:50  Overseer  
  85  5:53  Pneumatized Carapace  
  84  6:08  Drone x13  
  84  6:09  Spire  
  96  6:13  Drone x3  
  96  6:16  Spore Crawler  
  96  6:18  Extractor  
  97  6:19  Extractor  
  96  6:28  Overlord x2  
  96  6:30  Drone x4  
  96  6:31  Drone x2  
  102  6:40  Hatchery  
  102  6:46  Zergling x4  
  102  6:47  Zergling x10  
  107  6:48  Spore Crawler  
  107  6:49  Spore Crawler  
  107  6:50  Spore Crawler  
  107  6:53  Spore Crawler  
  103  7:20  Overlord x2  
  103  7:22  Corruptor x11  
  121  7:28  Corruptor x3  
  131  7:34  Corruptor x2  
  135  7:42  Drone x6  
  143  7:49  Overseer x2  
  145  7:52  Zergling x12  
  145  7:58  Extractor  
  150  7:59  Extractor  
  150  8:04  Zergling x2  
  150  8:05  Zergling x8  
  160  8:09  Zergling x10  
  151  8:17  Zergling x6  
  152  8:23  Overlord  
  152  8:24  Overlord  
Show
View Real Time Build Order
Export as new Build Order

ArT Protoss - Winner!

Build Orders: 1 Gate Expand, Oracle Opening 

Get SALT Encoding   

  12  0:00  Probe  
  13  0:12  Probe  
  14  0:19  Pylon  
  14  0:24  Probe  
  15  0:37  Probe (Chrono Boost)  
  15  0:38  Gateway  
  16  0:46  Probe (Chrono Boost)  
  16  0:47  Assimilator  
  17  0:51  Probe  
  18  1:03  Probe  
  19  1:15  Probe  
  20  1:25  Nexus  
  20  1:36  Cybernetics Core  
  20  1:39  Probe  
  21  1:45  Assimilator  
  21  1:51  Probe  
  22  1:56  Pylon  
  22  2:03  Probe  
  23  2:12  Adept (Chrono Boost)  
  23  2:15  Probe  
  26  2:18  Stargate  
  26  2:25  Warp Gate  
  26  2:27  Probe (Chrono Boost)  
  27  2:34  Adept  
  29  2:38  Probe (Chrono Boost)  
  29  2:39  Probe (Chrono Boost)  
  31  2:47  Probe x2 (Chrono Boost)  
  33  2:52  Probe  
  33  2:53  Probe  
  33  2:54  Void Ray (Chrono Boost)  
  35  3:05  Probe x2  
  40  3:11  Pylon  
  41  3:17  Probe  
  41  3:18  Probe  
  43  3:24  Gateway  
  43  3:29  Probe  
  43  3:30  Probe, Oracle  
  48  3:41  Probe  
  49  3:42  Probe  
  50  3:50  Nexus  
  50  3:53  Pylon  
  50  3:56  Probe  
  50  3:58  Probe  
  50  4:01  Assimilator  
  50  4:02  Assimilator  
  52  4:09  Robotics Facility  
  52  4:11  Probe (Chrono Boost)  
  52  4:13  Probe (Chrono Boost)  
  54  4:20  Pylon  
  54  4:21  Probe (Chrono Boost)  
  54  4:23  Probe (Chrono Boost)  
  56  4:28  Probe (Chrono Boost)  
  56  4:30  Probe (Chrono Boost), Fleet Beacon  
  58  4:37  Probe  
  59  4:41  Probe  
  59  4:44  Sentry x2  
  59  4:45  Pylon  
  64  4:49  Probe  
  65  4:52  Pylon  
  65  4:53  Probe  
  65  4:56  Shield Battery  
  65  4:58  Immortal (Chrono Boost)  
  66  5:02  Probe  
  66  5:04  Probe  
  72  5:09  Probe  
  73  5:15  Probe  
  73  5:16  Probe  
  75  5:23  Mothership (Chrono Boost)  
  75  5:27  Pylon  
  76  5:32  Probe (Chrono Boost)  
  85  5:36  Immortal (Chrono Boost)  
  85  5:38  Assimilator, Probe (Chrono Boost)  
  90  5:43  Probe (Chrono Boost)  
  90  5:45  Probe (Chrono Boost)  
  90  5:48  Gateway x2  
  91  5:51  Gateway  
  91  5:53  Sentry  
  91  5:54  Gateway  
  93  5:59  Assimilator  
  93  6:03  Probe x2 (Chrono Boost)  
  95  6:05  Sentry  
  95  6:06  Gateway  
  95  6:07  Pylon  
  95  6:10  Immortal (Chrono Boost)  
  97  6:16  Pylon  
  103  6:19  Probe (Chrono Boost)  
  103  6:20  Probe (Chrono Boost), Sentry  
  105  6:29  Gateway  
  105  6:30  Gateway  
  105  6:34  Sentry  
  105  6:36  Pylon  
  107  6:40  Twilight Council  
  107  6:41  Warp Prism (Chrono Boost)  
  109  6:51  Stalker x2  
  109  6:52  Stalker x2  
  109  6:53  Stalker  
  119  7:03  Shield Battery  
  119  7:04  Pylon  
  119  7:05  Shield Battery  
  119  7:10  Stalker x2  
  119  7:14  Pylon x2  
  119  7:15  Pylon, Observer (Chrono Boost)  
  124  7:16  Probe  
  125  7:26  Stalker x2  
  129  7:35  Stalker x3  
  135  7:44  Pylon  
  135  7:55  Stalker x6  
  143  8:05  Pylon  
  132  8:13  Stalker x2  
  132  8:14  Stalker  
  138  8:20  Stalker x5  
  146  8:31  Stalker  
  148  8:36  Forge  
  148  8:45  Nexus  
  148  8:54  Stalker x4  
Tags
 
Add a new tag
Caveats
  • Supply blocks, unpowered buildings, or Contaminate may cause inaccurate times.
  • Supply counts are checked every 10 seconds.